 Dungeon Crawl Stone Soup version 0.18.1-2-ga659475 (webtiles) character file.

327 Kook the Firebug (level 6, 0/75 HPs)
             Began as a Draconian Fire Elementalist on May 7, 2016.
             Was a Follower of Yredelemnul.
             Slain by an orc wizard
             ... wielding a +2 dagger of pain
              (1 damage)
             ... on level 4 of the Dungeon.
             The game lasted 00:15:10 (3369 turns).

Kook the Firebug (Draconian Fire Elementalist)      Turns: 3369, Time: 00:15:10

Health: 0/75       AC: 12    Str: 15    XL:     6   Next: 24%
Magic:  4/11       EV: 12    Int: 17    God:    Yredelemnul [*.....]
Gold:   163        SH:  0    Dex: 12    Spells: 3 memorised, 5 levels left

rFire  . . .     SeeInvis .     c - +0 spear
rCold  . . .     Gourm    .     (armour unavailable)
rNeg   . . .     Faith    .     (no shield)
rPois  +         Spirit   .     (helmet restricted)
rElec  .         Dismiss  .     d - +2 cloak {rPois}
rCorr  +         Reflect  .     p - +2 pair of gloves
SustAt .         Harm     .     (no boots)
MR     .....                    (no amulet)
Stlth  ..........               l - ring of wizardry
                                j - ring of resist corrosion

@: berserking, very quick, not resistant to hostile enchantments, extremely
unstealthy
A: unfitting armour, cold-blooded, AC +6
a: Animate Remains, Renounce Religion


You were on level 4 of the Dungeon.
You worshipped Yredelemnul.
Yredelemnul was aware of your devotion.
You were hungry.

You visited 1 branch of the dungeon, and saw 4 of its levels.

You collected 163 gold pieces.

Inventory:

Hand Weapons
 c - a +0 spear (weapon)
Armour
 d - a +2 cloak of poison resistance (worn)
 p - a +2 pair of gloves (worn)
Jewellery
 i - an uncursed ring of wizardry
 j - a ring of resist corrosion (left hand)
 l - a ring of wizardry (right hand)
Wands
 t - a wand of lightning (9/15)
Scrolls
 e - a scroll of fear {unknown}
 k - 3 scrolls of identify {unknown}
 m - a scroll of teleportation {unknown}
 n - a scroll of fog {unknown}
 o - a scroll of noise {unknown}
 q - a scroll of random uselessness {unknown}
Potions
 f - a potion of flight {unknown}
 h - a potion of curing {unknown}
Books
 a - a book of Flames

   Spells                             Type                      Level
   a - Flame Tongue                   Conjuration/Fire             1
   b - Throw Flame                    Conjuration/Fire             2
   c - Conjure Flame                  Conjuration/Fire             3
   d - Inner Flame                    Hexes/Fire                   3
   e - Sticky Flame                   Conjuration/Fire             4
   f - Fireball                       Conjuration/Fire             5
Comestibles
 b - 4 bread rations
 g - 2 fruits
 u - a meat ration


   Skills:
 * Level 2.8 Fighting
 - Level 1.7 Dodging
 - Level 1.7 Stealth
 * Level 3.4 Spellcasting
 * Level 3.0 Conjurations
 * Level 4.5 Fire Magic
 + Level 1.0 Invocations


You had 5 spell levels left.
You knew the following spells:

 Your Spells              Type           Power        Failure   Level  Hunger
a - Flame Tongue          Conj/Fire      ###..        1%          1    None
b - Throw Flame           Conj/Fire      ###...       2%          2    ##.....
c - Conjure Flame         Conj/Fire      ###.....     4%          3    ###....


Dungeon Overview and Level Annotations

Branches:
Dungeon (4/15)
 Temple: D:4-7

Altars:
Gozag
Kikubaaqudgha
Sif Muna
Yredelemnul
The Shining One


Innate Abilities, Weirdness & Mutations

Your plain brown scales are hard (AC +6).
Your body does not fit into most forms of armour.
You are cold-blooded and may be slowed by cold attacks.


Message History

You hit something. Yredelemnul accepts your kill.
Reactivating autopickup.
You feel a bit more experienced.
The orc throws a stone.
The stone closely misses you.
The orc wizard gestures at you while chanting.
The magic dart hits you!
* * * LOW HITPOINT WARNING * * *
Things that are here:
a dagger; a robe; 4 stones You puncture the orc wizard!
Your tail-slap misses the orc wizard.
The orc wizard is almost dead.
The orc closely misses you.
The orc wizard casts a spell.
The orc wizard seems to speed up.
You closely miss the orc wizard.
The orc wizard is almost dead.
The orc wizard hits you with a dagger of pain.
You die...
Your body rises from the dead as a mindless zombie.

#. . #. ..
#.# ...
####.. ....
..... .....
#..###......
#oo.)....$
#@##......
#(# #####
#.# #.# #.#
#.# #.# #.#
#.#


You could see an orc wizard and an orc.

Vanquished Creatures
  A howler monkey (D:4)
  An orc priest (D:3)
  3 orc wizards
  The ghost of TEITOKU the Skirmisher, a weakling DrFi (D:3)
  7 adders
  2 oozes
  An adder skeleton (D:4)
  3 worms (D:2)
  A dart slug (D:3)
  A giant gecko (D:3)
  10 orcs (D:3)
  2 ball pythons (D:1)
  5 giant cockroaches
  7 goblins
  9 hobgoblins
  4 jackals (D:1)
  2 quokkas (D:2)
  4 bats
  8 giant newts
  6 kobolds
  6 rats
  A spectral orc (D:2)
85 creatures vanquished.

Vanquished Creatures (collateral kills)
  An orc (D:3)
1 creature vanquished.

Vanquished Creatures (others)
  A kobold zombie (D:3)
  An orc zombie (D:3)
2 creatures vanquished.

Grand Total: 88 creatures vanquished

Notes
Turn   | Place    | Note
--------------------------------------------------------------
     0 | D:1      | Kook the Draconian Fire Elementalist began the quest for the Orb.
     0 | D:1      | Reached XP level 1. HP: 14/14 MP: 3/3
   180 | D:1      | Reached XP level 2. HP: 22/22 MP: 1/5
   786 | D:1      | Reached skill level 1 in Fighting
   864 | D:1      | Reached XP level 3. HP: 28/28 MP: 4/6
  1155 | D:2      | Learned a level 2 spell: Throw Flame
  1159 | D:2      | Learned a level 3 spell: Conjure Flame
  1334 | D:2      | Found a deep blue altar of Sif Muna.
  1565 | D:2      | Reached XP level 4. HP: 36/36 MP: 5/7
  1575 | D:2      | Found a basalt altar of Yredelemnul.
  1596 | D:2      | Found a glowing golden altar of the Shining One.
  1614 | D:2      | Became a worshipper of Yredelemnul the Dark
  1671 | D:2      | Found an ancient bone altar of Kikubaaqudgha.
  1743 | D:2      | Found an opulent altar of Gozag.
  2040 | D:3      | Noticed TEITOKU's ghost (weakling DrFi)
  2275 | D:3      | Reached skill level 4 in Fire Magic
  2318 | D:3      | Reached XP level 5. HP: 33/41 MP: 0/9
  2602 | D:3      | Killed TEITOKU's ghost
  2803 | D:3      | Reached * piety under Yredelemnul
  3106 | D:3      | Reached skill level 1 in Invocations
  3334 | D:4      | Reached XP level 6. HP: 45/50 MP: 4/10
  3362 | D:4      | HP: 2/50 [orc wizard/magic dart (9)]
  3367 | D:4      | HP: 1/75 [orc wizard/magic dart (1)]
  3369 | D:4      | Slain by an orc wizard

Skill      XL: |  1  2  3  4  5  6 |
---------------+-------------------+-----
Fighting       | 1 2 |  2.8
Conjurations   | 2 3 |  3.0
Fire Magic     | 4 |  4.5
Spellcasting   | 3 |  3.4
Invocations    | 1 |  1.0
Dodging        | |  1.7
Stealth        | |  1.7

Action                   |  1- 3 |  4- 6 || total
-------------------------+-------+-------++-------
Melee: Spear             |    46 |    91 ||   137
       Unarmed           |     1 |       ||     1
       Tailslap          |     3 |     3 ||     6
 Cast: Flame Tongue      |    56 |    87 ||   143
       Conjure Flame     |       |     2 ||     2
       Throw Flame       |       |     1 ||     1
Invok: Animate Remains   |       |     4 ||     4
  Use: Potion            |       |     1 ||     1
 Stab: Sleeping          |     2 |       ||     2
       Distracted        |       |     1 ||     1
  Eat: Chunk             |     3 |     6 ||     9
Armor: Skin              |    35 |    55 ||    90
Dodge: Dodged            |    65 |   108 ||   173
